| TOP OF THE 1ST |
|
Williamsport Crosscutters batting - Pitching for Milwaukee (NYP) Brewers : RHP Zach Green
|
|
Pitching: RHP Zach Green
|
|
|
Batting: RHB Prabhukumar Santhanakrishnan
|
0-0: Ball 1-0: Ball 2-0: Fly out, F4 (Popup, 4S, EV 64.4 MPH)
|
|
Batting: RHB Alan Weller
|
0-0: Foul Ball, location: 2F 0-1: SINGLE (Groundball, 34S, EV 65.6 MPH) (infield hit)
|
|
Batting: SHB Benjamin Brown
|
0-0: Called Strike 0-1: Swinging Strike 0-2: Ball 1-2: Ball 2-2: 2-RUN HOME RUN (Flyball, 9D, EV 100.6 MPH), Distance : 367 ft
|
|
Batting: RHB Matt McDevitt
|
0-0: Ball 1-0: Foul Ball, location: 2F 1-1: Swinging Strike 1-2: Strikes out swinging
|
|
Batting: RHB Allen Gravel
|
0-0: Called Strike 0-1: Ball 1-1: Foul Ball, location: 2F 1-2: Strikes out looking
|
| Top of the 1st over - 2 runs, 2 hits, 0 errors, 0 left on base; Williamsport 2 - Milwaukee (NYP) 0 |
| BOTTOM OF THE 1ST |
|
Milwaukee (NYP) Brewers batting - Pitching for Williamsport Crosscutters : RHP Chad Capaldi
|
|
Pitching: RHP Chad Capaldi
|
|
|
Batting: RHB Brian Landrum
|
0-0: Ball 1-0: Ball 2-0: Ball 3-0: Called Strike 3-1: Called Strike 3-2: Foul Ball, location: 2F 3-2: Base on Balls
|
|
Batting: LHB Paul Collins
|
0-0: Foul Ball, location: 2F 0-1: Ball 1-1: Called Strike 1-2: Strikes out swinging
|
|
Batting: LHB Alfredo de la Cruz
|
0-0: Called Strike 0-1: Ball 1-1: Called Strike 1-2: Strikes out swinging
|
|
Batting: RHB Skyler Goss
|
0-0: Fly out, F4 (Popup, 3, EV 68.8 MPH)
|
| Bottom of the 1st over - 0 runs, 0 hits, 0 errors, 1 left on base; Williamsport 2 - Milwaukee (NYP) 0 |
| TOP OF THE 2ND |
|
Williamsport Crosscutters batting - Pitching for Milwaukee (NYP) Brewers : RHP Zach Green
|
|
Batting: RHB Ken Gadberry
|
0-0: Ball 1-0: Ball 2-0: Ball 3-0: Called Strike 3-1: Base on Balls
|
|
Batting: LHB Manoel Camp
|
0-0: Foul Ball, location: 2F 0-1: Ball Wild Pitch! Ken Gadberry to second 1-1: Swinging Strike 1-2: Foul Ball, location: 2F 1-2: Foul Ball, location: 2F 1-2: Foul Ball, location: 2F 1-2: Foul Ball, location: 2F 1-2: Ball 2-2: Strikes out swinging
|
|
Batting: RHB Jimmy Misener
|
0-0: Ball 1-0: Ball 2-0: Called Strike 2-1: Fly out, F8 (Flyball, 8LXD, EV 98.1 MPH) Runner from 2nd tags up, SAFE at 3rd, no throw by CF
|
|
Batting: RHB Cory Bonham
|
0-0: Ball 1-0: Ball 2-0: Called Strike 2-1: Foul Ball, location: 2F 2-2: Strikes out swinging
|
| Top of the 2nd over - 0 runs, 0 hits, 0 errors, 1 left on base; Williamsport 2 - Milwaukee (NYP) 0 |
| BOTTOM OF THE 2ND |
|
Milwaukee (NYP) Brewers batting - Pitching for Williamsport Crosscutters : RHP Chad Capaldi
|
|
Batting: LHB Aaron Mobley
|
0-0: Ball 1-0: Ball 2-0: Called Strike 2-1: Ball 3-1: Called Strike 3-2: Strikes out looking
|
|
Batting: RHB Dustin Hartman
|
0-0: Ball 1-0: Foul Ball, location: 2F 1-1: Fly out, F5 (Popup, 25F, EV 85.0 MPH)
|
|
Batting: RHB Brad Wren
|
0-0: Called Strike 0-1: Ground out 5-3 (Groundball, 5S, EV 70.0 MPH)
|
| Bottom of the 2nd over - 0 runs, 0 hits, 0 errors, 0 left on base; Williamsport 2 - Milwaukee (NYP) 0 |
| TOP OF THE 3RD |
|
Williamsport Crosscutters batting - Pitching for Milwaukee (NYP) Brewers : RHP Zach Green
|
|
Batting: RHB Prabhukumar Santhanakrishnan
|
0-0: Foul Ball, location: 2F 0-1: Ball 1-1: Foul Ball, location: 2F 1-2: Foul Ball, location: 2F 1-2: Strikes out swinging
|
|
Batting: RHB Alan Weller
|
0-0: Called Strike 0-1: SINGLE (Groundball, 34D, EV 108.8 MPH)
|
|
Batting: SHB Benjamin Brown
|
0-0: Swinging Strike 0-1: Called Strike 0-2: Foul Ball, location: 2F 0-2: Strikes out looking
|
|
Batting: RHB Matt McDevitt
|
0-0: Ball 1-0: Swinging Strike 1-1: Foul Ball, location: 2F 1-2: Foul Ball, location: 2F 1-2: Strikes out swinging
|
| Top of the 3rd over - 0 runs, 1 hit, 0 errors, 1 left on base; Williamsport 2 - Milwaukee (NYP) 0 |
| BOTTOM OF THE 3RD |
|
Milwaukee (NYP) Brewers batting - Pitching for Williamsport Crosscutters : RHP Chad Capaldi
|
|
Batting: SHB Adam Slade
|
0-0: Ball 1-0: Ball 2-0: DOUBLE (Flyball, 89D, EV 103.8 MPH)
|
|
Batting: RHB Tom Campos
|
0-0: Ball 1-0: Swinging Strike 1-1: Foul Ball, location: 2F 1-2: Strikes out swinging
|
|
Batting: RHB Brian Landrum
|
0-0: Foul Ball, location: 2F 0-1: Ball 1-1: Fly out, F8 (Flyball, 8RS, EV 84.4 MPH)
|
|
Batting: LHB Paul Collins
|
0-0: Foul Ball, location: 2F 0-1: Ball 1-1: Swinging Strike 1-2: Strikes out swinging wild pitch, reaches first! Adam Slade to third
|
|
Batting: LHB Alfredo de la Cruz
|
0-0: Ground out 4-3 (Groundball, 4, EV 89.4 MPH)
|
| Bottom of the 3rd over - 0 runs, 1 hit, 0 errors, 2 left on base; Williamsport 2 - Milwaukee (NYP) 0 |
| TOP OF THE 4TH |
|
Williamsport Crosscutters batting - Pitching for Milwaukee (NYP) Brewers : RHP Zach Green
|
|
Batting: RHB Allen Gravel
|
0-0: Called Strike 0-1: Ball 1-1: Swinging Strike 1-2: Strikes out swinging
|
|
Batting: RHB Ken Gadberry
|
0-0: Ball 1-0: Ball 2-0: TRIPLE (Flyball, 9LD, EV 96.9 MPH)
|
|
Batting: LHB Manoel Camp
|
0-0: Called Strike 0-1: Swinging Strike 0-2: Hit by Pitch
|
|
Batting: RHB Jimmy Misener
|
0-0: Called Strike 0-1: Called Strike 0-2: Strikes out looking
|
|
Batting: RHB Cory Bonham
|
0-0: Ball Wild Pitch! Ken Gadberry scores Manoel Camp to second 1-0: Foul Ball, location: 2F 1-1: Foul Ball, location: 2F 1-2: Foul Ball, location: 2F 1-2: Strikes out swinging
|
| Top of the 4th over - 1 run, 1 hit, 0 errors, 1 left on base; Williamsport 3 - Milwaukee (NYP) 0 |
| BOTTOM OF THE 4TH |
|
Milwaukee (NYP) Brewers batting - Pitching for Williamsport Crosscutters : RHP Chad Capaldi
|
|
Batting: RHB Skyler Goss
|
0-0: Ground out 5-3 (Groundball, 56S, EV 77.5 MPH)
|
|
Batting: LHB Aaron Mobley
|
0-0: Ball 1-0: Ball 2-0: Ball 3-0: Swinging Strike 3-1: Base on Balls
|
|
Batting: RHB Dustin Hartman
|
0-0: Ball 1-0: Ball 2-0: Fly out, F8 (Flyball, 89XD, EV 110.0 MPH)
|
|
Batting: RHB Brad Wren
|
0-0: Called Strike 0-1: Called Strike 0-2: Foul Ball, location: 2F 0-2: Ball 1-2: Foul Ball, location: 2F 1-2: Strikes out swinging
|
| Bottom of the 4th over - 0 runs, 0 hits, 0 errors, 1 left on base; Williamsport 3 - Milwaukee (NYP) 0 |
| TOP OF THE 5TH |
|
Williamsport Crosscutters batting - Pitching for Milwaukee (NYP) Brewers : RHP Zach Green
|
|
Pitching: RHP Brian Heimerman
|
|
|
Batting: RHB Prabhukumar Santhanakrishnan
|
0-0: Ground out 5-3 (Groundball, 56, EV 87.5 MPH)
|
|
Batting: RHB Alan Weller
|
0-0: Ball 1-0: DOUBLE (Line Drive, 89D, EV 100.6 MPH)
|
|
Batting: SHB Benjamin Brown
|
0-0: Called Strike 0-1: Called Strike 0-2: Ball 1-2: Ball 2-2: Fly out, F7 (Flyball, 7S, EV 93.1 MPH)
|
|
Batting: RHB Matt McDevitt
|
0-0: Ball 1-0: Ball 2-0: Called Strike 2-1: Ground out 4-3 (Groundball, 4, EV 80.6 MPH)
|
| Top of the 5th over - 0 runs, 1 hit, 0 errors, 1 left on base; Williamsport 3 - Milwaukee (NYP) 0 |
| BOTTOM OF THE 5TH |
|
Milwaukee (NYP) Brewers batting - Pitching for Williamsport Crosscutters : RHP Chad Capaldi
|
|
Batting: SHB Adam Slade
|
0-0: Called Strike 0-1: Ball 1-1: Called Strike 1-2: Foul Ball, location: 2F 1-2: Ball 2-2: Strikes out swinging
|
|
Batting: RHB Tom Campos
|
0-0: DOUBLE (Line Drive, 78D, EV 103.1 MPH)
|
|
Batting: RHB Brian Landrum
|
0-0: Fly out, F3 (Popup, 3, EV 71.2 MPH)
|
|
Batting: LHB Paul Collins
|
0-0: Ball 1-0: Ball 2-0: Swinging Strike 2-1: Called Strike 2-2: Ball 3-2: Base on Balls
|
|
Batting: LHB Alfredo de la Cruz
|
0-0: Ball 1-0: Ball 2-0: Ball 3-0: Base on Balls Tom Campos to third Paul Collins to second
|
|
Pitching: RHP Jorge Sanchez
|
|
|
Batting: RHB Skyler Goss
|
0-0: Ball 1-0: Foul Ball, location: 2F 1-1: Fielders Choice at 2nd, 6-4 (Groundball, 6, EV 99.4 MPH)
|
| Bottom of the 5th over - 0 runs, 1 hit, 0 errors, 3 left on base; Williamsport 3 - Milwaukee (NYP) 0 |
| TOP OF THE 6TH |
|
Williamsport Crosscutters batting - Pitching for Milwaukee (NYP) Brewers : RHP Brian Heimerman
|
|
Batting: RHB Allen Gravel
|
0-0: Foul Ball, location: 2F 0-1: Swinging Strike 0-2: Ball 1-2: Foul Ball, location: 2F 1-2: Ball 2-2: Ball 3-2: Foul Ball, location: 2F 3-2: Foul Ball, location: 2F 3-2: Strikes out swinging
|
|
Batting: RHB Ken Gadberry
|
0-0: Ball 1-0: Ball 2-0: SINGLE (Groundball, 6MD, EV 94.4 MPH)
|
|
Batting: LHB Manoel Camp
|
0-0: SINGLE (Groundball, 4MD, EV 110.0 MPH) Ken Gadberry to second
|
|
Batting: RHB Jimmy Misener
|
0-0: Called Strike 0-1: Ball Passed Ball! Ken Gadberry to third Manoel Camp to second 1-1: Swinging Strike 1-2: Strikes out swinging
|
|
Batting: RHB Cory Bonham
|
0-0: Ball 1-0: Ball 2-0: Called Strike 2-1: Foul Ball, location: 2F 2-2: Strikes out swinging
|
| Top of the 6th over - 0 runs, 2 hits, 0 errors, 2 left on base; Williamsport 3 - Milwaukee (NYP) 0 |
| BOTTOM OF THE 6TH |
|
Milwaukee (NYP) Brewers batting - Pitching for Williamsport Crosscutters : RHP Jorge Sanchez
|
|
Batting: LHB Aaron Mobley
|
0-0: Called Strike 0-1: Fly out, F6 (Flyball, 56D, EV 88.8 MPH)
|
|
Batting: RHB Dustin Hartman
|
0-0: Called Strike 0-1: Foul Ball, location: 2F 0-2: Ball 1-2: Ball 2-2: Ball 3-2: Ground out 5-3 (Groundball, 56S, EV 88.1 MPH)
|
|
Batting: RHB Brad Wren
|
0-0: Called Strike 0-1: Swinging Strike 0-2: Strikes out looking
|
| Bottom of the 6th over - 0 runs, 0 hits, 0 errors, 0 left on base; Williamsport 3 - Milwaukee (NYP) 0 |
| TOP OF THE 7TH |
|
Williamsport Crosscutters batting - Pitching for Milwaukee (NYP) Brewers : RHP Brian Heimerman
|
|
Pitching: LHP Willis Escobedo
|
|
|
Batting: RHB Prabhukumar Santhanakrishnan
|
0-0: Ball 1-0: Ball 2-0: SINGLE (Line Drive, 8LS, EV 92.5 MPH)
|
|
Batting: RHB Alan Weller
|
0-0: Ball 1-0: SINGLE (Groundball, 6MD, EV 98.8 MPH) Prabhukumar Santhanakrishnan to second
|
|
Batting: SHB Benjamin Brown
|
0-0: Foul Ball, location: 2F 0-1: Ball 1-1: Foul Ball, location: 2F 1-2: SINGLE (Line Drive, 56D, EV 95.6 MPH) Prabhukumar Santhanakrishnan to third Alan Weller to second Runner from 3rd tries for Home, throw by LF and OUT! 7-2
|
|
Batting: RHB Matt McDevitt
|
0-0: Ball 1-0: Ball 2-0: Ball 3-0: Called Strike 3-1: SINGLE (Groundball, 3D, EV 97.5 MPH) Alan Weller to third Benjamin Brown to second Runner from 3rd tries for Home, SAFE, throw by RF to home
|
|
Batting: RHB Allen Gravel
|
0-0: Called Strike 0-1: TRIPLE (Line Drive, 78XD, EV 105.6 MPH) Benjamin Brown scores Matt McDevitt scores
|
|
Pitching: LHP John Miller
|
|
|
Batting: RHB Ken Gadberry
|
0-0: Ball 1-0: Fly out, F3 (Line Drive, 3, EV 68.8 MPH)
|
|
Batting: LHB Manoel Camp
|
0-0: Ground out 6-3 (Groundball, 6S, EV 86.9 MPH)
|
| Top of the 7th over - 3 runs, 5 hits, 0 errors, 1 left on base; Williamsport 6 - Milwaukee (NYP) 0 |
| BOTTOM OF THE 7TH |
|
Milwaukee (NYP) Brewers batting - Pitching for Williamsport Crosscutters : RHP Jorge Sanchez
|
|
Batting: SHB Adam Slade
|
0-0: Ball 1-0: Foul Ball, location: 2F 1-1: SINGLE (Groundball, 34D, EV 106.9 MPH)
|
|
Batting: RHB Tom Campos
|
0-0: Ball 1-0: Ball 2-0: Ball 3-0: Called Strike 3-1: Base on Balls Adam Slade to second
|
|
Batting: RHB Brian Landrum
|
0-0: Swinging Strike 0-1: Foul Ball, location: 2F 0-2: Ball 1-2: Ball 2-2: Foul Ball, location: 2F 2-2: Ball 3-2: Strikes out looking
|
|
Batting: LHB Paul Collins
|
0-0: Called Strike 0-1: Ball 1-1: Foul Ball, location: 2F 1-2: Fielders Choice at 2nd, 4-6 (Groundball, 4, EV 81.9 MPH) Adam Slade to third
|
|
Batting: LHB Alfredo de la Cruz
|
0-0: Ball 1-0: Ball 2-0: Ball 3-0: Base on Balls Paul Collins to second
|
|
Batting: RHB Skyler Goss
|
0-0: Fielders Choice at 2nd, 6-4 (Groundball, 6, EV 85.6 MPH)
|
| Bottom of the 7th over - 0 runs, 1 hit, 0 errors, 3 left on base; Williamsport 6 - Milwaukee (NYP) 0 |
| TOP OF THE 8TH |
|
Williamsport Crosscutters batting - Pitching for Milwaukee (NYP) Brewers : LHP John Miller
|
|
Batting: RHB Jimmy Misener
|
0-0: Foul Ball, location: 2F 0-1: Foul Ball, location: 2F 0-2: Ground out 4-3 (Groundball, 4M, EV 106.2 MPH)
|
|
Batting: RHB Cory Bonham
|
0-0: Ball 1-0: Ball 2-0: Ball 3-0: Base on Balls
|
|
Batting: RHB Prabhukumar Santhanakrishnan
|
0-0: Called Strike 0-1: SINGLE (Groundball, 34D, EV 107.5 MPH) Cory Bonham to second Runner from 2nd tries for 3rd, SAFE, throw by RF made to third
|
|
Batting: RHB Alan Weller
|
0-0: Ball Prabhukumar Santhanakrishnan steals 2nd base 1-0: Called Strike 1-1: Fly out, F7 (Flyball, 78S, EV 90.0 MPH)
|
|
Batting: SHB Benjamin Brown
|
0-0: Called Strike 0-1: Ball 1-1: Fly out, F9 (Line Drive, 9D, EV 102.5 MPH)
|
| Top of the 8th over - 0 runs, 1 hit, 0 errors, 2 left on base; Williamsport 6 - Milwaukee (NYP) 0 |
| BOTTOM OF THE 8TH |
|
Milwaukee (NYP) Brewers batting - Pitching for Williamsport Crosscutters : RHP Jorge Sanchez
|
|
Batting: LHB Aaron Mobley
|
0-0: Ball 1-0: Called Strike 1-1: Foul Ball, location: 2F 1-2: Hit by Pitch
|
|
Batting: RHB Dustin Hartman
|
0-0: Foul Ball, location: 2F 0-1: Ball 1-1: Called Strike 1-2: Foul Ball, location: 2F 1-2: Ball 2-2: Foul Ball, location: 2F 2-2: Fly out, F9 (Flyball, 9S, EV 95.0 MPH)
|
|
Batting: RHB Brad Wren
|
0-0: Swinging Strike 0-1: Foul Ball, location: 2F 0-2: Strikes out looking
|
|
Batting: SHB Adam Slade
|
0-0: Ball 1-0: Called Strike 1-1: Swinging Strike 1-2: Ball 2-2: DOUBLE (Groundball, 3L, EV 106.2 MPH) Aaron Mobley to third
|
|
Batting: RHB Tom Campos
|
0-0: Ball 1-0: Ground out 4-3 (Groundball, 4, EV 79.4 MPH)
|
| Bottom of the 8th over - 0 runs, 1 hit, 0 errors, 2 left on base; Williamsport 6 - Milwaukee (NYP) 0 |
| TOP OF THE 9TH |
|
Williamsport Crosscutters batting - Pitching for Milwaukee (NYP) Brewers : LHP John Miller
|
|
Batting: RHB Matt McDevitt
|
0-0: Foul Ball, location: 2F 0-1: Foul Ball, location: 2F 0-2: Ball 1-2: Ground out 4-3 (Groundball, 4MD, EV 85.0 MPH)
|
|
Batting: RHB Allen Gravel
|
0-0: Ball 1-0: SOLO HOME RUN (Flyball, 9D, EV 98.8 MPH), Distance : 361 ft
|
|
Pitching: LHP Paul Schumacher
|
|
|
Batting: RHB Ken Gadberry
|
0-0: Foul Ball, location: 2F 0-1: Ball 1-1: SINGLE (Groundball, 56D, EV 104.4 MPH)
|
|
Pinch Hitting: SHB Matt Sybrant
|
0-0: Ball 1-0: Ball 2-0: Ball 3-0: Called Strike 3-1: Called Strike 3-2: Foul Ball, location: 2F 3-2: Foul Ball, location: 2F 3-2: DOUBLE (Flyball, 8LXD, EV 95.0 MPH) Ken Gadberry to third
|
|
Batting: RHB Jimmy Misener
|
0-0: Called Strike 0-1: Foul Ball, location: 2F 0-2: Ball 1-2: Strikes out swinging
|
|
Batting: RHB Cory Bonham
|
0-0: Ground out 6-3 (Groundball, 6, EV 77.5 MPH)
|
| Top of the 9th over - 1 run, 3 hits, 0 errors, 2 left on base; Williamsport 7 - Milwaukee (NYP) 0 |
| BOTTOM OF THE 9TH |
|
Milwaukee (NYP) Brewers batting - Pitching for Williamsport Crosscutters : RHP Jorge Sanchez
|
|
Now in LF: Jimmy Misener
|
|
|
Now in RF: Matt Sybrant
|
|
|
Batting: RHB Brian Landrum
|
0-0: Ball 1-0: Foul Ball, location: 2F 1-1: Foul Ball, location: 2F 1-2: DOUBLE (Line Drive, 5D, EV 95.6 MPH)
|
|
Pitching: LHP Wil Diaz
|
|
|
Pinch Hitting: RHB Nick Garland
|
0-0: Ball 1-0: Fly out, F9 (Flyball, 9D, EV 95.6 MPH) Runner from 2nd tags up, SAFE at 3rd, no throw by RF
|
|
Batting: LHB Alfredo de la Cruz
|
0-0: Ball 1-0: Reached on error, E4 (Groundball, 4, EV 86.9 MPH) Brian Landrum scores
|
|
Batting: RHB Skyler Goss
|
0-0: Foul Ball, location: 2F 0-1: Swinging Strike 0-2: Ball 1-2: Foul Ball, location: 2F 1-2: Foul Ball, location: 2F 1-2: Strikes out swinging
|
|
Pinch Hitting: RHB Bobby McCann
|
0-0: Ball 1-0: Ball 2-0: Ball 3-0: Called Strike 3-1: Foul Ball, location: 2F 3-2: Base on Balls Alfredo de la Cruz to second
|
|
Batting: RHB Dustin Hartman
|
0-0: Ball 1-0: Called Strike 1-1: Ball 2-1: Ball 3-1: SINGLE (Line Drive, 4M, EV 95.0 MPH) Alfredo de la Cruz to third Bobby McCann to second
|
|
Batting: RHB Brad Wren
|
0-0: Ball 1-0: Swinging Strike 1-1: Swinging Strike 1-2: Strikes out swinging
|
| Bottom of the 9th over - 1 run, 2 hits, 1 error, 3 left on base; Williamsport 7 - Milwaukee (NYP) 1 |
|